 Dungeon Crawl Stone Soup version 0.18-a0-1562-gac8da35 (webtiles) character file.

141 Hilldric the Covered (level 5, -2/42 HPs)
             Began as a Hill Orc Gladiator on Mar 13, 2016.
             Was an Initiate of Beogh.
             Slain by an orc warrior
             ... wielding a +0 trident
              (11 damage)
             ... on level 4 of the Dungeon.
             The game lasted 00:11:09 (3383 turns).

Hilldric the Covered (Hill Orc Gladiator)           Turns: 3383, Time: 00:11:09

Health: -2/42      AC:  6    Str: 19    XL:     5   Next: 24%
Magic:  5/5        EV: 12    Int:  8    God:    Beogh [......]
Gold:   237        SH:  0    Dex: 11    Spells: 0 memorised, 4 levels left

rFire  . . .     SeeInvis .     a - +0 war axe
rCold  . . .     Gourm    .     b - +0 leather armour
rNeg   . . .     Faith    +     (no shield)
rPois  .         Spirit   .     h - +1 helmet
rElec  .         Dismiss  .     (no cloak)
rCorr  +         Reflect  .     (no gloves)
SustAt .         Harm     .     (no boots)
MR     .....                    c - amulet of faith
Stlth  +.........               (no ring)
                                t - ring of resist corrosion

@: lethally poisoned (-2 -> -5), not resistant to hostile enchantments, very
unstealthy
A: no striking features
a: Renounce Religion


You were on level 4 of the Dungeon.
You worshipped Beogh.
Beogh was noncommittal.
You were not hungry.

You visited 1 branch of the dungeon, and saw 4 of its levels.

You collected 237 gold pieces.

Inventory:

Hand Weapons
 a - a +0 war axe (weapon)
Missiles
 d - 3 throwing nets (quivered)
 p - 8 javelins
Armour
 b - a +0 leather armour (worn)
 h - a +1 helmet (worn)
Jewellery
 c - an amulet of faith (around neck)
 t - a ring of resist corrosion (left hand)
Scrolls
 k - 3 scrolls of identify
Potions
 e - a potion of haste {unknown}
 f - 2 potions of degeneration {unknown}
 i - a potion of mutation {unknown}
 m - a potion of cancellation {unknown}
 n - 2 potions of lignification {unknown}
 o - a potion of flight {unknown}
Comestibles
 g - 2 slices of pizza
 j - a beef jerky
 l - a royal jelly
 q - a bread ration
 s - a meat ration


   Skills:
 - Level 2.4 Fighting
 - Level 4.0 Axes
 - Level 1.7 Throwing
 + Level 5.1 Armour
 - Level 2.5 Dodging


You had 4 spell levels left.
You didn't know any spells.

Dungeon Overview and Level Annotations

Branches:
Dungeon (4/15)
 Temple: D:4-7

Altars:
Makhleb
Ru


Message History

The adder bites you but does no damage. The adder closely misses you.
The orc barely misses you.
There is a stone staircase leading up, spattered with blood here.
The adder bites you but does no damage.
You climb upwards.
The orc priest shouts!
The orc hits you but does no damage. The orc completely misses you.
There is a stone staircase leading down here.
You see here a tomahawk.
The orc barely misses you. The adder bites you.
* * * LOW HITPOINT WARNING * * *
You are poisoned.
The adder poisons you! The orc hits you with a club.
* * * LOW HITPOINT WARNING * * *
The orc priest closely misses you.
You climb downwards.
You feel sick.
The orc warrior hits you from afar with a trident!
You die...
Beogh appreciates the orc warrior's killing of a heretic priest.

#.# ... #.. ##
#>########## #.
###..........# #.
#.....######.# #.
.####.....######.#
##
...%...oo.....##.#
.###..@..###.##.#
......S.oo.# ##.#
.......>##o# .##.#
####.#####.##.##.#
#. #....##.# #
##o#.##.# #.# ##.#
#o# #.# #.#. #.#
###


You could see an orc warrior, an orc priest, an adder and 3 orcs.

Vanquished Creatures
  A worker ant (D:4)
  3 gnolls (D:3)
  An adder (D:3)
  2 oozes (D:1)
  3 worms (D:2)
  A giant gecko (D:2)
  3 orcs
  3 giant cockroaches
  6 goblins
  6 hobgoblins
  8 jackals
  5 kobolds
  4 bats
  3 giant newts (D:2)
  9 rats
58 creatures vanquished.

Vanquished Creatures (others)
  2 orc priests (D:4)
  3 orcs (D:4)
  A giant gecko zombie (D:4)
6 creatures vanquished.

Grand Total: 64 creatures vanquished

Notes
Turn   | Place    | Note
--------------------------------------------------------------
     0 | D:1      | Hilldric the Hill Orc Gladiator began the quest for the Orb.
     0 | D:1      | Reached XP level 1. HP: 18/18 MP: 1/1
    35 | D:1      | Reached skill level 1 in Armour
    37 | D:1      | Reached XP level 2. HP: 19/25 MP: 2/2
   329 | D:1      | Reached skill level 2 in Armour
   576 | D:1      | Reached XP level 3. HP: 24/30 MP: 3/3
  1033 | D:2      | Reached skill level 3 in Armour
  1441 | D:2      | Found a sacrificial altar of Ru.
  1617 | D:2      | Reached XP level 4. HP: 33/37 MP: 4/4
  2094 | D:3      | Reached skill level 4 in Armour
  2465 | D:3      | Found a burning altar of Makhleb.
  3009 | D:4      | Reached skill level 5 in Armour
  3009 | D:4      | Reached XP level 5. HP: 6/42 MP: 5/5
  3028 | D:4      | HP: 2/42 [poisoned by a worker ant]
  3079 | D:4      | Became a worshipper of Beogh the Brigand
  3215 | D:4      | Noticed an orc warrior
  3383 | D:4      | Slain by an orc warrior

Vault maps used:
D:1:      ncdulo_smallfort
D:2:      nicolae_ru_path_of_blood
D:3:      serial_curves, eino_curves_01, eino_curves_03, bloody_makhleb
D:4:      nicolae_overflow_hidden_temple, serial_glass, glass_columns_b,
          glass_columns_a, first_bread, hangedman_decor_riveting

Skill      XL: |  1  2  3  4 |
---------------+-------------+-----
Armour         | 1 2 3 5 |  5.1
Fighting       | |  2.4
Axes           | |  4.0
Throwing       | |  1.7
Dodging        | |  2.5

Action                   |  1- 3 |  4- 6 || total
-------------------------+-------+-------++-------
Melee: War axe           |    94 |    96 ||   190
Invok: Convert to Beogh  |       |     1 ||     1
  Use: Scroll            |     4 |     4 ||     8
  Eat: Bread ration      |     1 |       ||     1
       Meat ration       |       |     1 ||     1
